Map: Lightshade LE

Players

ziGGy

  • Race: Terran Terran

uThermal - Winner!

  • Race: Terran Terran

Event: DreamHack SC2 Masters 2021 Fall

VOD

Have the link to the VOD?

Description

Time

  • Played on: Aug. 7, 2021, 11:32 a.m.
  • Length: 4:36

All games in this series

Show
View Real Time Build Order
Export as new Build Order

ziGGy Terran 

Build Orders:  

Get SALT Encoding   

  12  0:00  SCV  
  13  0:12  SCV  
  14  0:17  Supply Depot  
  14  0:24  SCV  
  15  0:38  SCV  
  15  0:39  Barracks  
  16  0:43  Refinery  
  16  0:50  SCV  
  17  0:58  Barracks  
  17  1:03  SCV  
  18  1:15  SCV  
  19  1:26  Reaper  
  19  1:27  Orbital Command  
  19  1:30  Supply Depot  
  20  1:45  Reaper  
  21  2:03  Reaper  
  21  2:04  Command Center  
  22  2:09  Refinery  
  22  2:12  SCV  
  23  2:22  Reaper  
  24  2:29  SCV  
  24  2:37  Reaper  
  24  2:41  SCV  
  26  2:48  Command Center  
  26  2:54  SCV  
  26  2:55  Barracks Reactor  
  27  3:07  SCV, Factory  
  28  3:14  Barracks Tech Lab  
  28  3:18  Orbital Command  
  28  3:21  SCV  
  29  3:31  Marine  
  29  3:32  Marine x2  
  29  3:33  SCV  
  33  3:45  SCV x2  
  35  3:49  Marine x2  
  35  3:51  Marine  
  38  3:56  Starport  
  38  3:58  Factory Reactor  
  38  4:01  SCV  
  39  4:07  Marine x2  
  39  4:09  Marine  
  37  4:18  SCV  
Show
View Real Time Build Order
Export as new Build Order

uThermal Terran - Winner!

Build Orders:  

Get SALT Encoding   

  12  0:00  SCV  
  13  0:12  SCV  
  14  0:17  Supply Depot  
  14  0:24  SCV  
  15  0:38  SCV  
  15  0:40  Barracks  
  16  0:42  Refinery  
  16  0:50  SCV  
  16  0:52  Refinery  
  17  1:03  SCV  
  18  1:15  SCV  
  19  1:26  Reaper  
  19  1:27  Orbital Command  
  19  1:28  Supply Depot  
  20  1:42  Factory  
  20  1:53  SCV  
  21  1:59  Barracks Reactor  
  21  2:05  SCV  
  22  2:17  SCV  
  23  2:26  Hellion  
  24  2:30  SCV  
  24  2:36  Reaper  
  26  2:37  Reaper  
  26  2:42  Command Center  
  27  2:44  Supply Depot  
  27  2:49  Hellion  
  30  2:51  SCV  
  30  3:02  Starport  
  30  3:04  SCV  
  31  3:08  Reaper  
  31  3:09  Reaper  
  33  3:14  Hellion  
  33  3:16  SCV  
  36  3:29  SCV  
  37  3:36  Refinery, Factory Tech Lab  
  37  3:39  Marine  
  37  3:40  Starport Tech Lab  
  37  3:41  SCV  
  39  3:53  Marine, SCV, Orbital Command  
  41  3:58  Cyclone  
  41  3:59  Marine  
  45  4:05  SCV  
  48  4:15  Marine  
  47  4:17  SCV  
  47  4:20  SCV  

Tags
 
Add a new tag
Caveats
  • Supply blocks, unpowered buildings, or Contaminate may cause inaccurate times.
  • Supply counts are checked every 10 seconds.